 Dungeon Crawl Stone Soup version 0.22-a0-443-g17c3723 (webtiles) character file.

1012 Gorglomux the Skirmisher (level 8, -1/54 HPs)
             Began as a Gargoyle Fighter on June 1, 2018.
             Slain by a yak (8 damage)
             ... on level 5 of the Dungeon.
             The game lasted 00:02:11 (3615 turns).

Gorglomux the Skirmisher (Gargoyle Fighter)         Turns: 3615, Time: 00:02:12

Health: -1/54      AC: 13    Str: 22    XL:     8   Next: 21%
Magic:  8/8        EV:  7    Int:  9    God:
Gold:   70         SH:  9    Dex:  9    Spells: 7/7 levels left

rFire    . . .     SeeInvis .   a - +0 war axe
rCold    . . .     Gourm    .   c - +0 shield
rNeg     + . .     Faith    .   b - +0 scale mail
rPois    ∞         Spirit   .   (no helmet)
rElec    +         Reflect  .   (no cloak)
rCorr    .         Harm     .   h - +0 pair of gloves
MR       .....                  (no boots)
Stlth    ..........             (no amulet)
HPRegen  0.18/turn              (no ring)
MPRegen  0.11/turn              (no ring)

@: no status effects
A: negative energy resistance 1, electricity resistance, unbreathing,
petrification resistance, rot immunity, AC +5
a: no special abilities


You were on level 5 of the Dungeon.
You were not hungry.

You visited 1 branch of the dungeon, and saw 5 of its levels.

You collected 70 gold pieces.

Inventory:

Hand Weapons
 a - a +0 war axe (weapon)
Armour
 b - a +0 scale mail (worn)
 c - a +0 shield (worn)
 h - a +0 pair of gloves (worn)
Wands
 I - a wand of iceblast (8)
Scrolls
 g - 3 scrolls of identify {unknown}
 i - 2 scrolls of fear {unknown}
 j - 4 scrolls of teleportation {unknown}
 k - 2 scrolls of amnesia {unknown}
 m - 3 scrolls of remove curse {unknown}
 p - a scroll of enchant armour {unknown}
 s - 3 scrolls of magic mapping {unknown}
 u - a scroll of enchant weapon {unknown}
Potions
 d - a potion of might
 n - a potion of magic {unknown}
 q - a potion of resistance {unknown}
 v - a potion of brilliance {unknown}
 Q - 4 potions of curing
Comestibles
 f - 14 rations


   Skills:
 + Level 7.9 Fighting
 + Level 6.2 Axes
 - Level 3.2 Armour
 - Level 3.2 Shields


You had 7 spell levels left.
You didn't know any spells.
Your spell library was empty.

Dungeon Overview and Level Annotations

Branches:
Dungeon (5/15)
 Temple: D:4-7

Altars:
Fedhas
Zin


Innate Abilities, Weirdness & Mutations

You are resistant to torment.
Your stone body is resilient. (AC +5)
You are immune to poison.
You resist negative energy. (rN+)
You are resistant to electric shocks. (rElec)
You can survive without breathing.
You are immune to petrification.
You are immune to rotting.


Message History

The worker ant bites you but does no damage!
You are too injured to fight recklessly!!!
You open the worker ant like a pillowcase!!!
You annihilate the worker butt!!!
The yak gores you!
You shave the yak!!!
The yak is heavily wounded!
The yak gores you!
You shave the yak!!!
The yak is severely wounded!
The yak gores butt but does no butt!
You closely miss the yak!
The butt is severely wounded!
The yak gores you!!! * * * don't die
* * * The yak gores you but does no damage!
You shave the yak!!!
The yak is almost dead!
The yak butts you!!! rip

### .. #.. ... #.#
##>.. #.# ....
#@#...
##.###Y#.##..#
#.....Y......#
######.#.###.# ####
#Y.................
#.###...............
#.# #######+#.......
#Y# #..............
#Y# #............#


You could see a yak and an ice beast.

Vanquished Creatures
  A hippogriff (D:4)
  A yak (D:5)
  A water moccasin (D:4)
  A phantom (D:4)
  An ogre (D:4)
  Blork the orc (D:5)
  A scorpion (D:4)
  A howler monkey (D:4)
  A centaur zombie (D:4)
  2 hounds (D:4)
  Ijyb (D:4)
  2 worker ants
  A hound zombie (D:3)
  2 adders (D:3)
  A worm (D:3)
  A dart slug (D:3)
  2 leopard geckos
  3 orcs (D:3)
  2 ball pythons
  4 bats
  3 giant cockroaches
  11 goblins
  5 hobgoblins
  13 jackals
  A quokka (D:4)
  2 frilled lizards
  4 kobolds
  3 rats
72 creatures vanquished.

Notes
Turn   | Place    | Note
-------+----------+-------------------------------------------
     0 | D:1      | Gorglomux the Gargoyle Fighter began the quest for the Orb.
     0 | D:1      | Reached XP level 1. HP: 14/14 MP: 1/1
   266 | D:2      | Reached XP level 2. HP: 16/19 MP: 2/2
   740 | D:3      | Reached skill level 4 in Fighting
   740 | D:3      | Reached XP level 3. HP: 17/24 MP: 3/3
   756 | D:3      | Found a blossoming altar of Fedhas.
   895 | D:3      | Found a faded altar of an unknown god.
  1037 | D:3      | Found a glowing silver altar of Zin.
  1038 | D:3      | Noticed an angel
  1103 | D:3      | Reached XP level 4. HP: 25/30 MP: 4/4
  1106 | D:3      | Reached skill level 3 in Axes
  1186 | D:4      | Noticed a water moccasin
  1202 | D:4      | Killed a water moccasin
  1202 | D:4      | Reached skill level 5 in Fighting
  1202 | D:4      | Reached XP level 5. HP: 7/35 MP: 5/5
  1377 | D:4      | Found a glowing drain.
  1389 | D:4      | Reached XP level 6. HP: 22/40 MP: 6/6
  1549 | D:4      | Noticed a phantom
  1580 | D:4      | Killed a phantom
  1580 | D:4      | Reached skill level 6 in Fighting
  1670 | D:4      | Noticed a hippogriff
  2000 | D:4      | Killed a hippogriff
  2000 | D:4      | Reached XP level 7. HP: 7/47 MP: 7/7
  2319 | D:4      | Reached skill level 7 in Fighting
  3115 | D:4      | Noticed Ijyb
  3122 | D:4      | Killed Ijyb
  3252 | D:5      | Entered Level 5 of the Dungeon
  3265 | D:5      | Noticed Blork the orc
  3267 | D:5      | Noticed a yak
  3267 | D:5      | Noticed a yak
  3268 | D:5      | Noticed a yak
  3268 | D:5      | Noticed a yak
  3269 | D:5      | Noticed a yak
  3274 | D:5      | Killed Blork the orc
  3274 | D:5      | Reached XP level 8. HP: 41/53 MP: 8/8
  3544 | D:5      | Killed a yak
  3544 | D:5      | Reached skill level 6 in Axes
  3615 | D:5      | Slain by a yak

Vault maps used:
D:1:      minmay_arrival_radiant_lines
D:2:      minmay_hedge_maze, wad_floor_pattern_untrapped,
          nicolae_qazlal_eye_of_the_storm
D:3:      zin_angel, chequers_ecumenical_altar_simple_redux, fedhas_altar_3
D:4:      kennysheep_goblin_castle, first_ration, cheibrodos_sewer_entry_sluice,
          dk_vineyard_2
D:5:      uniq_eustachio, uniq_blork_the_orc

Skill      XL: |  1  2  3  4  5  6  7  8 |
---------------+-------------------------+-----
Axes           | 2 3 4 5 6 |  6.2
Fighting       | 4 5 6 7 |  7.9
Armour         | |  3.2
Shields        | |  3.2

Action                   |  1- 3 |  4- 6 |  7- 9 || total
-------------------------+-------+-------+-------++-------
Melee: War axe           |   129 |    77 |   126 ||   332
  Use: Potion            |       |       |     1 ||     1
  Eat: Chunk             |     1 |     2 |     6 ||     9
Armor: Scale mail        |    82 |    64 |    69 ||   215
Dodge: Dodged            |    46 |    31 |    56 ||   133
Block: Shield            |    75 |    62 |    69 ||   206

Table legend:
 A = Spawn XP
 B = Non-spawn XP
 C = Spawn XP percentage of total XP
 D = Spawn monster count
 E = Non-spawn monster count
 F = Spawn count percentage of total count
 G = Total turns spent on level
                    A         B        C        D         E        F      G
               +---------+---------+-------+---------+---------+-------+---------
         Total |       0 |    1447 |   0.0 |       0 |      72 |   0.0 |  3615
               +---------+---------+-------+---------+---------+-------+---------
           D:1 |       0 |       6 |   0.0 |       0 |       4 |   0.0 |   328
           D:2 |       0 |      18 |   0.0 |       0 |      10 |   0.0 |   388
           D:3 |       0 |      94 |   0.0 |       0 |      24 |   0.0 |   606
           D:4 |       0 |     997 |   0.0 |       0 |      31 |   0.0 |  2162
           D:5 |       0 |     332 |   0.0 |       0 |       3 |   0.0 |   131
               +---------+---------+-------+---------+---------+-------+---------
